 Dungeon Crawl Stone Soup version 0.27.0-1-g7a089689b8 (console) character file.

Game seed: 9122999311495733887

12679 Banquo the Thaumaturge (level 12, -1/94 HPs)
             Began as a Djinni Venom Mage on July 31, 2021.
             Was a Priest of Ashenzari.
             Engulfed by an ice statue's freezing vapour (34 damage)
             ... in an ice cave on Aug 1, 2021.
             The game lasted 01:01:47 (8937 turns).

Banquo the Thaumaturge (Djinni Venom Mage)          Turns: 8937, Time: 01:01:47

Health: -1/94      AC:  5    Str:  7    XL:     12   Next: 23%
Gold:   896        EV: 13    Int: 28    God:    Ashenzari [***...] SH:  6 Dex: 14

rFire    + + .     SeeInvis +   M - +5 war axe
rCold    x . .     Faith    .   i - +0 buckler of the Ruined God {Fort, Melee} (curse)
rNeg     . . .     Spirit   .   d - +0 troll leather armour of Supernal Knowledge {Regen+, Evo, Self} (curse)
rPois    ∞         Reflect  .   (no helmet)
rElec    .         Harm     .   (no cloak)
rCorr    .         Rampage  .   g - +0 pair of gloves of the Fated Syndicalism {Evo, Self} (curse)
Will     +....     Clarity  +   (boots unavailable)
Stlth    ++........             f - amulet of the Distant Sybil {Regen+, Self, Melee} (curse)
HPRegen  2.25/turn              I - +6 ring of intelligence
MPRegen  0.00/turn              K - +4 ring of slaying

@: flying
A: sickness immunity, fire resistance 2, cold vulnerability 1, float, innate
caster, hp casting, extra vitality 1
a: Renounce Religion, Shatter the Chains


You were in an ice cave.
You worshipped Ashenzari.
Ashenzari was most pleased with you.
You visited 3 branches of the dungeon, and saw 12 of its levels.
You also visited: Sewer and Ice Cave.

You collected 1166 gold pieces.
You spent 270 gold pieces at shops.

Inventory:

Hand Weapons
 a - a +1 spear of venom
 E - a +0 battleaxe
 H - a +0 whip of venom
 M - a +5 war axe (weapon)
 R - a +2 falchion of flaming
Missiles
 k - a throwing net
 u - 2 boomerangs
 B - 16 poisoned darts
 S - 287 stones
Armour
 d - the cursed +0 troll leather armour of Supernal Knowledge (worn) {Regen+, Evo, Self}
   (You found it on level 9 of the Dungeon)

   Regen:     It increases your rate of health regeneration.
   It has a curse which improves the following skills: Evocations: Evocations.
   Introspection: Fighting and Spellcasting.
 g - the cursed +0 pair of gloves of the Fated Syndicalism (worn) {Evo, Self}
   (You found it on level 1 of the Lair of Beasts)

   It has a curse which improves the following skills: Evocations: Evocations.
   Introspection: Fighting and Spellcasting.
 i - the cursed +0 buckler of the Ruined God (worn) {Fort, Melee}
   (You found it in a sewer)

   It has a curse which improves the following skills: Fortitude: Armour and
   Shields.
   Melee Combat: Short Blades, Long Blades, Axes, Maces & Flails, Polearms,
   Staves and Unarmed Combat.
Magical Staves
 b - a staff of poison
 v - a staff of air
Jewellery
 f - the cursed amulet of the Distant Sybil (around neck) {Regen+, Self, Melee}
   (You found it on level 1 of the Dungeon)

   [amulet of regeneration]

   Regen:     It increases your rate of health regeneration.
   It has a curse which improves the following skills: Introspection: Fighting
   and Spellcasting.
   Melee Combat: Short Blades, Long Blades, Axes, Maces & Flails, Polearms,
   Staves and Unarmed Combat.
 l - a ring of fire
 I - a +6 ring of intelligence (left hand)
 K - a +4 ring of slaying (right hand)
Wands
 c - a wand of mindburst (10)
 w - a wand of charming (7)
 y - a wand of flame (39)
 z - a wand of paralysis (12)
Scrolls
 h - 2 scrolls of enchant armour
 m - 3 scrolls of magic mapping
 n - a scroll of fear
 r - a scroll of fog
 s - a scroll of teleportation
 A - a scroll of blinking
 C - a scroll of summoning
 J - a scroll of holy word
 O - 2 scrolls of silence
Potions
 j - a potion of haste
 o - 9 potions of curing
 p - a potion of berserk rage
 q - a potion of ambrosia
 t - 2 potions of cancellation
 x - 2 potions of brilliance
 D - a potion of mutation
 T - a potion of heal wounds


   Skills:
 * Level 7.7(11.5) Fighting
 * Level 4.6 Dodging
 - Level 1.5 Stealth
 * Level 5.2(7.1) Shields
 + Level 12.2(15.6) Spellcasting


You had 20 spell levels left.
You knew the following spells:

 Your Spells              Type           Power      Damage    Failure   Level
a - Sting                 Tmut/Pois      100%       1d8       0%          1
b - Animate Skeleton      Necr           100%       N/A       0%          1
c - Mephitic Cloud        Conj/Pois/Air  83%        N/A       0%          3
d - Corpse Rot            Necr/Air       N/A        N/A       0%          2
f - Frozen Ramparts       Ice            100%       1d12      0%          3
h - Hailstorm             Conj/Ice       83%        3d17      1%          4
i - Call Imp              Summ           83%        N/A       0%          2
z - Poisonous Vapours     Pois/Air       100%       N/A       0%          2
O - Olgreb's Toxic Radia  Pois           83%        N/A       1%          4
Your spell library was empty.

Dungeon Overview and Level Annotations

Branches:
Dungeon (9/15)             Temple (1/1) D:5            Lair (2/6) D:8
    Orc (0/2) D:9           Sewer (visited)           IceCv (1/1)
  Swamp: Lair:2-4    Shoals: Lair:2-4     Snake: Lair:2-4    Spider: Lair:2-4

Altars:
Ashenzari
Cheibriados
Dithmenos
Elyvilon
Fedhas
Hepliaklqana
Makhleb
Nemelex Xobeh
Okawaru
Qazlal
Ru
Sif Muna
Trog
Wu Jian
Yredelemnul
Zin
The Shining One

Shops:
D:7 [

Annotations:
IceCv exclusion: 2 ice statues


Innate Abilities, Weirdness & Mutations

You are immune to sickness and miasma.
You are immune to poison.
Your flesh is very heat resistant. (rF++)
You are vulnerable to cold. (rC-)
You float through the air rather than walking.
You learn spells naturally, not from books.
Your magical power is your life essence.
You have superior vitality. (+4 HP)


Message History

A cannonade of hail descends around you!
The hail pelts the ice statue!
The ice statue partially resists.
The ice statue is moderately damaged.
The hail pelts the ice statue.
The ice statue is moderately damaged.
Casting: Hailstorm (safe; 1% risk of failure)
Confirm with . or Enter, or press ? or * to list all spells.
Casting: Hailstorm (safe; 1% risk of failure)
Press: ? - help, Dir - look around, f - activate A cannonade of hail descends around you!
The hail pelts the ice statue.
The ice statue is moderately damaged.
The hail pelts the ice statue!!
The ice statue partially resists.
The ice statue is heavily damaged.
The ice statue gestures at you. The freezing blast engulfs you!
You feel a terrible chill!
You are engulfed in freezing vapours.
* * * LOW HITPOINT WARNING * * *
You start resting.
HP restored.
Really fly into a travel-excluded area?
The ice statue gestures.
The ice statue gestures at you. The freezing blast engulfs you!!
You feel a terrible chill!
Unknown command.
Casting: Hailstorm (safe; 1% risk of failure)
Confirm with . or Enter, or press ? or * to list all spells.
Casting: Hailstorm (safe; 1% risk of failure)
Press: ? - help, Dir - look around, f - activate A cannonade of hail descends around you!
The hail pelts the ice beast!
The ice beast partially resists.
The ice beast is heavily wounded.
The hail pelts the ice statue!!
The ice statue partially resists.
The ice statue is heavily damaged.
The hail pelts the ice statue!
The ice statue partially resists.
The ice statue is severely damaged.
You are engulfed in freezing vapours.
The ice statue gestures.
Unknown command.
You are engulfed in freezing vapours.
You die...

####### #############
#.....## ##..[..#8....##
,
#......###.....(#.○....#
* ,
#.......#......@#○Y.....
#.∩..∩.........○☼☼......
#.......#......☼#§°.....*
#......###....○.#Y.....#
* , #.....##
##....[#8....## , #######
############# *


You could see an ice beast (summoned).

Vanquished Creatures
  2 hydras (Lair:1)
  A two-headed ogre (D:4)
  Pikel (D:6)
  A deep elf pyromancer (D:9)
  A black mamba (Lair:1)
  4 cane toads
  2 komodo dragons (Lair:1)
  A freezing wraith (IceCv)
  A troll (D:9)
  4 blink frogs (Lair:1)
  10 yaks
  Eustachio (D:5)
  A steam dragon (D:8)
  2 wargs
  An acid dragon (D:9)
  3 water moccasins
  An ice beast (D:6)
  2 orc warriors (D:9)
  A sky beast (D:8)
  2 black bears (D:6)
  2 necrophages
  An ogre (D:6)
  5 centaurs
  2 lemures (D:6)
  2 kobold brigands (D:8)
  8 bullfrogs
  A wyvern zombie (D:8)
  3 cane toad simulacra
  A scorpion (D:5)
  A water moccasin skeleton (D:6)
  An elephant simulacrum (IceCv)
  18 killer bees
  3 wights
  3 howler monkeys (D:9)
  An electric eel (D:8)
  3 centaur zombies
  An iguana (D:5)
  2 orc priests
  A gnoll shaman (D:4)
  4 hounds
  A centaur skeleton (D:6)
  3 polar bear simulacra (IceCv)
  Natasha (thrice) (D:4)
  5 orc wizards
  2 wolf simulacra (IceCv)
  A hound skeleton (D:6)
  A howler monkey skeleton (D:6)
  2 howler monkey zombies
  5 gnolls (D:4)
  5 adders
  A river rat (D:3)
  3 worms
  3 dart slugs
  19 orcs
  8 endoplasms
  5 giant cockroaches
  8 goblins
  7 hobgoblins
  4 jackals
  4 quokkas
  5 ball pythons
  9 bats
  6 frilled lizards
  14 kobolds
  11 rats
240 creatures vanquished.

Vanquished Creatures (collateral kills)
  A hornet zombie (D:7)
  A necrophage (D:6)
  A centaur (D:7)
  A wyvern zombie (D:6)
  A bullfrog zombie (D:6)
  2 bullfrog skeletons (D:6)
  A jelly (D:8)
  A howler monkey zombie (D:8)
  A shadow imp (D:7)
10 creatures vanquished.

Vanquished Creatures (others)
  5 fungi
  5 plants
10 creatures vanquished.

Grand Total: 260 creatures vanquished

Notes
Turn   | Place    | Note
-------+----------+-------------------------------------------
     0 | D:1      | Banquo the Djinni Venom Mage began the quest for the Orb.
     0 | D:1      | Reached XP level 1. HP: 15/15 MP: 0/0
   481 | D:1      | Reached XP level 2. HP: 19/22 MP: 0/0
   847 | D:1      | Reached skill level 3 in Spellcasting
  1012 | D:1      | Reached XP level 3. HP: 26/26 MP: 0/0
  1012 | D:1      | Learned a level 1 spell: Animate Skeleton
  1112 | D:2      | Reached skill level 1 in Fighting
  1169 | D:2      | Found a faded altar of an unknown god.
  1408 | D:2      | Reached XP level 4. HP: 27/32 MP: 0/0
  1996 | D:3      | Reached XP level 5. HP: 37/37 MP: 0/0
  1996 | D:3      | Learned a level 2 spell: Corpse Rot
  2003 | D:3      | Found a glowing drain.
  2020 | Sewer    | Entered a sewer
  2028 | Sewer    | Reached skill level 4 in Spellcasting
  2043 | Sewer    | Noticed a water moccasin
  2064 | Sewer    | Killed a water moccasin
  2065 | Sewer    | Reached XP level 6. HP: 33/43 MP: 0/0
  2937 | D:4      | Found a basalt altar of Yredelemnul.
  2938 | D:4      | Found a bloodstained altar of Trog.
  2949 | D:4      | Noticed a two-headed ogre
  2986 | D:4      | Killed a two-headed ogre
  2987 | D:4      | Reached skill level 6 in Spellcasting
  2987 | D:4      | Reached XP level 7. HP: 47/50 MP: 0/0
  2987 | D:4      | Learned a level 2 spell: Call Imp
  2987 | D:4      | Reached XP level 8. HP: 53/56 MP: 0/0
  3081 | D:4      | Found a blossoming altar of Fedhas.
  3081 | D:4      | Found a white marble altar of Elyvilon.
  3082 | D:4      | Found a sparkling altar of Nemelex Xobeh.
  3082 | D:4      | Found a snail-covered altar of Cheibriados.
  3082 | D:4      | Found a glowing silver altar of Zin.
  3083 | D:4      | Found an iron altar of Okawaru.
  3099 | D:4      | Noticed Natasha
  3113 | D:4      | Killed Natasha
  3314 | D:4      | Noticed Natasha
  3317 | D:4      | Killed Natasha
  3366 | D:4      | Noticed Natasha
  3371 | D:4      | Killed Natasha
  3693 | D:5      | Entered Level 5 of the Dungeon
  3766 | D:5      | Found a staircase to the Ecumenical Temple.
  3775 | Temple   | Entered the Ecumenical Temple
  3792 | Temple   | Became a worshipper of Ashenzari the Shackled
  4073 | D:5      | Reached skill level 7 in Spellcasting
  4091 | D:5      | Noticed Eustachio
  4102 | D:5      | Killed Eustachio
  4103 | D:5      | Reached XP level 9. HP: 44/62 MP: 0/0
  4103 | D:5      | Learned a level 3 spell: Frozen Ramparts
  4508 | D:6      | Reached skill level 8 in Spellcasting
  4605 | D:6      | Noticed Pikel
  4619 | D:6      | Killed Pikel
  4620 | D:6      | Reached skill level 5 in Fighting
  4777 | D:6      | Found a stormy altar of Qazlal.
  4801 | D:6      | HP: 1/65 [wyvern zombie (11)]
  4866 | D:6      | Reached XP level 10. HP: 69/70 MP: 0/0
  4902 | D:6      | Identified a scroll of acquirement
  4915 | D:6      | Reached skill level 9 in Spellcasting
  5135 | D:6      | Found an ornate altar of the Wu Jian Council.
  5497 | D:6      | Found a burning altar of Makhleb.
  6460 | D:7      | Found Tireh's Antique Armour Emporium.
  6463 | D:7      | Bought a dazzling ring mail for 270 gold pieces
  6463 | D:7      | Identified the +1 ring mail "Veafifof" {Rampage rPois rCorr
                  | Str-2} (You bought it in a shop on level 7 of the Dungeon)
  6628 | D:8      | Found a staircase to the Lair.
  6677 | D:8      | Reached skill level 10 in Spellcasting
  6774 | D:8      | Found a sacrificial altar of Ru.
  7094 | D:8      | Reached * piety under Ashenzari
  7429 | D:9      | Reached XP level 11. HP: 71/79 MP: 0/0
  7429 | D:9      | Learned a level 4 spell: Hailstorm
  7439 | D:9      | Found a staircase to the Orcish Mines.
  7714 | D:9      | Noticed a deep elf pyromancer
  7724 | D:9      | Killed a deep elf pyromancer
  7725 | D:9      | Reached skill level 11 in Spellcasting
  7829 | D:9      | Reached ** piety under Ashenzari
  8157 | Lair:1   | Entered Level 1 of the Lair of Beasts
  8312 | Lair:1   | Noticed a four-headed hydra
  8328 | Lair:1   | Killed a four-headed hydra
  8456 | Lair:1   | Reached *** piety under Ashenzari
  8463 | Lair:1   | Noticed a six-headed hydra
  8482 | Lair:1   | Killed a six-headed hydra
  8688 | Lair:2   | Reached XP level 12. HP: 94/94 MP: 0/0
  8701 | Lair:2   | Reached skill level 12 in Spellcasting
  8703 | Lair:2   | Reached skill level 5 in Shields
  8748 | Lair:2   | Found a frozen archway.
  8765 | IceCv    | Entered an ice cave
  8835 | IceCv    | Acquired 576 gold pieces
  8937 | IceCv    | Engulfed by an ice statue's freezing vapour

Illustrated notes

Levels and vault maps discovered:
D:1:      ncdulo_halloftheorcs, layout_loops_ring
D:2:      layout_loops_ring, hellmonk_ecumenical_altar_pennies_from_heaven
D:3:      wander_river, layout_basic, portal_sewer_entry_e,
          kennysheep_generic_room_2
D:4:      layout_gridville, grunt_temple_overflow_open, uniq_natasha
D:5:      layout_rooms, minmay_temple_entry_poolview, kennysheep_pointless_box,
          uniq_eustachio
D:6:      layout_gridville, amcnicky_altar_gilded, makhleb_blood_cavern_becter,
          mainiacjoe_overflow_tiny_flanked, minmay_between, uniq_pikel
D:7:      layout_rooms, serial_shops, kennysheep_mini_moat, solitary_fountain
D:8:      layout_basic, nicolae_ru_sacrificial_ziggurat, dpeg_oklobed_lair
D:9:      layout_gridville, david_orc_3
Temple:   zaba_magenta_temple
Lair:1:   layout_big_grid
Lair:2:   wad_woods_minihive, layout_chaotic_city,
          nicolae_spider_entry_non_spiders, portal_ice_cave_entry_ice_simulacra,
          chequers_serial_rivers_micro_a, uniq_nergalle
IceCv:    ice_cave_statue_garden_chambered

Skill      XL: |  1  2  3  4  5  6  7  8  9 10 11 12 |
---------------+-------------------------------------+-----
Spellcasting   | 3 4 6 7 8 10 11 12 | 12.2
Fighting       | 1 2 3 4 5 6 7 |  7.7
Shields        | 2 3 4 5 |  5.2
Dodging        | 4 |  4.6
Stealth        | |  1.5

Action                   |  1- 3 |  4- 6 |  7- 9 | 10-12 || total
-------------------------+-------+-------+-------+-------++-------
Melee: Mace              |     2 |       |       |       ||     2
       Spear             |       |       |    43 |    29 ||    72
       Short sword       |       |       |     1 |       ||     1
       Whip              |       |       |       |    42 ||    42
       War axe           |       |       |       |    23 ||    23
 Cast: Sting             |    76 |    81 |    76 |    34 ||   267
       Poisonous Vapours |     2 |    17 |    12 |     3 ||    34
       Olgreb's Toxic Ra |       |     7 |    26 |    59 ||    92
       Corpse Rot        |       |     2 |       |     2 ||     4
       Call Imp          |       |       |     5 |    59 ||    64
       Mephitic Cloud    |       |       |     3 |     8 ||    11
       Frozen Ramparts   |       |       |     1 |    20 ||    21
       Hailstorm         |       |       |       |    52 ||    52
       Animate Skeleton  |       |       |       |     2 ||     2
Invok: Curse Item        |       |       |     1 |     3 ||     4
Evoke: Wand              |       |       |       |     3 ||     3
  Use: Scroll            |       |       |       |     1 ||     1
 Stab: Confused          |       |       |     2 |       ||     2
       Distracted        |       |       |       |     2 ||     2
Armor: Robe              |     8 |     1 |    11 |     1 ||    21
       Steam dragon scal |       |       |       |     2 ||     2
       Troll leather arm |       |       |       |    14 ||    14
Dodge: Dodged            |    24 |    21 |    69 |    77 ||   191
Block: Buckler           |       |       |    24 |    27 ||    51
